 Dungeon Crawl Stone Soup version 0.28-a0-1629-gf728b707aa (webtiles) character file.

Game seed: 219676057693587791

2237 ragingrage the Cleaver (level 9, -24/72 HPs)
             Began as a Gargoyle Artificer on Jan 24, 2022.
             Was a Believer of Okawaru.
             Killed from afar by Harold (28 damage)
             ... with a bolt of acid
             ... on level 7 of the Dungeon.
             The game lasted 00:11:21 (9270 turns).

ragingrage the Cleaver (Gargoyle Artificer)         Turns: 9270, Time: 00:11:22

Health: -24/72     AC:  9    Str: 20    XL:     9   Next: 36%
Magic:  9/9        EV: 10    Int: 12    God:    Okawaru [**....]
Gold:   42         SH:  0    Dex: 13    Spells: 8/8 levels left

rFire   + . .      SeeInvis .   c - +9 trident of Xom {flame, rC+ Will+}
rCold   + . .      Faith    .   (no shield)
rNeg    + . .      Spirit   .   v - +0 ring mail {rF+}
rPois   ∞          Reflect  .   (no helmet)
rElec   +          Harm     .   L - +2 cloak {Stlth+}
rCorr   .          Rampage  .   y - +1 pair of gloves {Dex+3}
Will    +....                   (no boots)
Stlth   ..........              I - amulet of regeneration
HPRegen 1.02/turn               (no ring)
MPRegen 0.11/turn               (no ring)

@: berserking, corroded, hasted, very quick
A: sickness immunity, AC +6, negative energy resistance 1, electricity
resistance, torment resistance 1, petrification resistance
a: Renounce Religion, Heroism


You were on level 7 of the Dungeon.
You worshipped Okawaru.
Okawaru was pleased with you.
You visited 2 branches of the dungeon, and saw 8 of its levels.

You collected 424 gold pieces.
You spent 382 gold pieces at shops.

Inventory:

Hand Weapons
 a - a +2 war axe of freezing
 b - a +0 hunting sling
 c - the +9 trident of Xom (weapon) {flame, rC+ Will+}
   (You found it on level 6 of the Dungeon)

   It burns those it strikes, dealing additional fire damage.
   rC:        It protects you from cold.
   Will:      It increases your willpower.
 h - a +1 vorpal battleaxe
Missiles
 i - a throwing net
 k - 2 boomerangs
 o - 178 stones
 q - 10 poisoned darts (quivered)
 D - 3 javelins
Armour
 v - a +0 ring mail of fire resistance (worn)
 y - a +1 pair of gloves of dexterity (worn)
 L - a +2 cloak of stealth (worn)
Jewellery
 f - a ring of wizardry
 I - an amulet of regeneration (around neck)
Wands
 d - a wand of charming (7)
 C - a wand of flame (14)
 G - a wand of digging (4)
 H - a wand of paralysis (5)
Scrolls
 j - 5 scrolls of identify
 l - a scroll of fear {unknown}
 m - a scroll of acquirement {unknown}
 p - a scroll of enchant armour {unknown}
 t - a scroll of brand weapon {unknown}
 w - 6 scrolls of magic mapping {unknown}
 x - 3 scrolls of teleportation {unknown}
 B - a scroll of vulnerability {unknown}
 E - a scroll of silence {unknown}
 F - a scroll of immolation {unknown}
Potions
 r - 2 potions of might
 u - a potion of heal wounds {unknown}
 z - a potion of attraction {unknown}
 A - a potion of degeneration {unknown}
 K - a potion of flight {unknown}
Miscellaneous
 e - a piece from Xom's chessboard (15/15)


   Skills:
 - Level 1.8 Fighting
 + Level 10.2 Axes
 - Level 2.1 Armour
 - Level 0.7 Dodging
 - Level 1.1 Stealth
 - Level 5.0 Evocations


You had 8 spell levels left.
You didn't know any spells.
Your spell library contained the following spells:

 Spells                   Type           Power      Damage    Failure   Level
 Magic Dart               Conj           0%         1d3       50%         1
 Scorch                   Fire           0%         2d5       63%         2
 Searing Ray              Conj           0%         2d4       63%         2
 Ignite Poison            Fire/Tmut/Pois 0%         N/A       86%         3
 Mephitic Cloud           Conj/Pois/Air  0%         N/A       86%         3
 Flame Wave               Conj/Fire      0%         2d4       99%         4
 Fulminant Prism          Conj/Hex       0%         3d6       99%         4
 Freezing Cloud           Conj/Ice/Air   0%         6-21      100%        5
 Yara's Violent Unravell  Hex/Tmut       0%         3d3       100%        5
 Starburst                Conj/Fire      0%         6d3       100%        6
 Summon Cactus Giant      Summ           Unusable   N/A       N/A         6

Dungeon Overview and Level Annotations

Branches:
Dungeon (7/15)             Temple (1/1) D:5

Altars:
Ashenzari
Cheibriados
Dithmenos
Elyvilon
Fedhas
Gozag
Hepliaklqana
Kikubaaqudgha
Makhleb
Nemelex Xobeh
Okawaru
Qazlal
Sif Muna
Trog
Uskayaw
Vehumet
Wu Jian
Xom
Yredelemnul
Zin

Shops:
D:3 *   D:4 [

Annotations:
D:7 Harold


Innate Abilities, Weirdness & Mutations

You are immune to sickness and miasma.
Your stone body is resilient. (AC +6)
You are immune to poison.
You resist negative energy. (rN+)
You are resistant to electric shocks. (rElec)
You are resistant to unholy torment.
You are immune to petrification.


Message History

You rip the net and break free!
Harold zaps a wand.
The bolt of acid hits you!!
You see here a sky beast corpse.
As you read the scroll of fog, it crumbles to dust.
The scroll dissolves into smoke.
You feel yourself speed up.
Unknown command.
You feel better.
Harold zaps a wand.
The bolt of acid hits you! The acid corrodes you!
It was a potion of berserk rage.
A red film seems to cover your vision as you go berserk!
You feel yourself moving faster!
You feel mighty!
Harold zaps a wand.
The bolt of acid hits you!
* * * LOW HITPOINT WARNING * * *
The acid corrodes you!
Unknown command.
You are too berserk!
You closely miss Harold. You impale Harold!! You burn Harold.
Harold is moderately wounded.
Harold hits you with a +0 mace!
* * * LOW HITPOINT WARNING * * *
You closely miss Harold.
Harold is moderately wounded.
Harold casts a spell at you.
You barely resist. You closely miss Harold.
Harold is moderately wounded.
You barely miss Harold.
Harold is moderately wounded.
Harold zaps a wand.
The bolt of acid misses you.
You puncture Harold! You burn Harold.
Harold is heavily wounded.
Harold hits you with a +0 mace!
* * * LOW HITPOINT WARNING * * *
You puncture Harold! You burn Harold.
Harold is heavily wounded.
You closely miss Harold.
Harold is heavily wounded.
Harold zaps a wand.
The bolt of acid hits you!!
You die...

##################
#..........§§§§§.######
#.####....@@§§§§...o...
#.####.#[#######..#....
###.))...#.# ....# #
#...######.# .####
#.#.# #.# .# # #.# #.#
.# #)# #.# .. #.#
###.######### #.#
#............


You could see Harold.

Vanquished Creatures
  Eustachio (D:6)
  A water moccasin (D:7)
  An ice beast (D:7)
  A sky beast (D:7)
  An orc warrior (D:5)
  A hornet zombie (D:7)
  2 necrophages
  4 ogres
  4 scorpions
  A wyvern skeleton (D:5)
  3 wights (D:7)
  A vampire bat (D:3)
  A centaur zombie (D:5)
  An orc priest (D:4)
  4 hounds
  A bullfrog skeleton (D:6)
  Terence (D:3)
  5 iguanas
  2 orc wizards
  5 gnolls
  7 adders
  2 shadow imps
  3 white imps (D:5)
  2 worms
  4 dart slugs
  9 orcs
  6 bats
  4 bat zombies (D:3)
  4 endoplasms
  3 giant cockroaches
  6 goblins
  3 hobgoblins
  4 jackals (D:3)
  2 quokkas (D:3)
  6 ball pythons (D:1)
  A frilled lizard (D:3)
  5 kobolds
  3 rats
115 creatures vanquished.

Vanquished Creatures (collateral kills)
  An orc wizard (D:4)
  A gnoll (D:5)
  5 orcs
  A kobold (D:4)
8 creatures vanquished.

Vanquished Creatures (others)
  2 gnolls (D:5)
  A white imp (D:5)
3 creatures vanquished.

Grand Total: 126 creatures vanquished

Notes
Turn   | Place    | Note
-------+----------+-------------------------------------------
     0 | D:1      | ragingrage the Gargoyle Artificer began the quest for the
                  | Orb.
     0 | D:1      | Reached XP level 1. HP: 12/12 MP: 1/1
   461 | D:1      | Reached XP level 2. HP: 9/17 MP: 2/2
   931 | D:2      | Identified the +4 dagger of Superiority {pain, Str+4 Int+7}
   948 | D:2      | Reached XP level 3. HP: 14/21 MP: 3/3
  1103 | D:2      | Reached skill level 1 in Axes
  1402 | D:2      | Found a faded altar of an unknown god.
  1533 | D:3      | Noticed Terence
  2116 | D:3      | Found Nip Eps's Assorted Antiques.
  2503 | D:4      | Reached XP level 4. HP: 21/26 MP: 4/4
  3147 | D:3      | Found an ancient bone altar of Kikubaaqudgha.
  3166 | D:3      | Reached skill level 2 in Axes
  3259 | D:3      | Killed Terence
  3260 | D:3      | Reached XP level 5. HP: 22/30 MP: 5/5
  3983 | D:4      | Reached skill level 3 in Axes
  4256 | D:4      | Reached XP level 6. HP: 35/35 MP: 6/6
  5196 | D:4      | Reached skill level 5 in Evocations
  5283 | D:4      | Found Luiruulu's Antique Armour Boutique.
  5312 | D:4      | Bought a heavily jewelled robe for 165 gold pieces
  5312 | D:4      | Identified the +1 robe "Wooroaj" {Int+7} (You bought it in
                  | a shop on level 4 of the Dungeon)
  5436 | D:4      | Reached skill level 4 in Axes
  5540 | D:4      | Got the Grimoire of the Ensnaring Volcanoes
  5619 | D:5      | Entered Level 5 of the Dungeon
  5743 | D:5      | Reached XP level 7. HP: 39/39 MP: 7/7
  5788 | D:5      | Reached skill level 5 in Axes
  6037 | D:5      | Found a staircase to the Ecumenical Temple.
  6050 | Temple   | Entered the Ecumenical Temple
  6441 | Temple   | Became a worshipper of Warmaster Okawaru
  6483 | D:5      | Reached skill level 6 in Axes
  6763 | D:5      | Reached XP level 8. HP: 44/44 MP: 8/8
  6944 | D:5      | Reached * piety under Okawaru
  7152 | D:5      | Reached skill level 7 in Axes
  7899 | D:6      | Identified the +9 trident of Xom {flame, rC+ Will+}
  8051 | D:6      | Reached skill level 8 in Axes
  8161 | D:6      | Noticed Eustachio
  8198 | D:6      | Killed Eustachio
  8590 | D:7      | Reached skill level 9 in Axes
  8603 | D:7      | Reached XP level 9. HP: 27/48 MP: 9/9
  8783 | D:7      | Reached ** piety under Okawaru
  9078 | D:4      | Bought an embroidered cloak for 217 gold pieces
  9190 | D:7      | Reached skill level 10 in Axes
  9245 | D:7      | Noticed Harold
  9268 | D:7      | HP: 3/72 [Harold (13)]
  9270 | D:7      | Killed from afar by Harold

Illustrated notes

Levels and vault maps discovered:
D:1:      erik_arrival_blinker_ship, layout_basic
D:2:      layout_rooms, ebering_ecumenical_altar_rust
D:3:      layout_loops_ring, kennysheep_vampire_church, serial_shops,
          shop_fountains, mrwooster_statue_mirror, lemuel_old_faithful,
          uniq_terence
D:4:      layout_basic, serial_shops, nicolae_shop_statue_plus
D:5:      layout_basic, temple_green, nicolae_ossuary_entry_monument,
          grunt_ministairs_1
D:6:      layout_gridville, uniq_eustachio
D:7:      layout_loops_ring, uniq_harold
Temple:   mainiacjoe_temple_trianglar_array

Skill      XL: |  1  2  3  4  5  6  7  8  9 |
---------------+----------------------------+-----
Evocations     | 3 4 5 |  5.0
Axes           | 1 2 3 4 6 9 10 | 10.2
Fighting       | |  1.8
Armour         | |  2.1
Dodging        | |  0.7
Stealth        | |  1.1

Action                   |  1- 3 |  4- 6 |  7- 9 || total
-------------------------+-------+-------+-------++-------
Melee: Club              |    50 |       |       ||    50
       Hand axe          |   101 |   226 |    68 ||   395
       Punch             |     1 |     2 |     6 ||     9
       War axe           |       |       |    42 ||    42
       Trident           |       |       |   103 ||   103
 Fire: Hunting sling     |    11 |       |     7 ||    18
Throw: Dart              |       |    24 |     3 ||    27
       Throwing net      |       |       |     1 ||     1
Evoke: Wand              |     1 |     3 |     5 ||     9
       Piece from Xom's  |       |       |     2 ||     2
  Use: Potion            |       |     3 |     4 ||     7
       Scroll            |       |     2 |     1 ||     3
Armor: Leather armour    |    76 |    47 |       ||   123
       Ring mail         |       |   112 |   100 ||   212
Dodge: Dodged            |   112 |   127 |   126 ||   365

Table legend: (Time is in decaauts)
 A = Elapsed time spent in this place.
 B = Non-inter-level travel time spent in this place.
 C = Inter-level travel time spent in this place.
 D = Time resting spent in this place.
 E = Time spent auto-exploring this place.
 F = Levels seen in this place.
 G = Mean time per level.
                   A        B        C        D        E       F      G
               +--------+--------+--------+--------+--------+-----+--------+
         Total |   9345 |   8715 |    630 |   2155 |   4769 |   8 | 1168.1 |
       Dungeon |   8931 |   8323 |    608 |   2155 |   4385 |   7 | 1275.9 |
        Temple |    414 |    392 |     22 |      0 |    384 |   1 |  414.0 |
               +--------+--------+--------+--------+--------+-----+--------+

Top non-repeatable levels by time:
     D:4: 2408 daAuts
     D:3: 2030 daAuts
     D:5: 1758 daAuts
     D:1: 929 daAuts
     D:6: 843 daAuts
     D:2: 546 daAuts
  Temple: 414 daAuts
     D:7: 414 daAuts
